 Dungeon Crawl Stone Soup version 0.29.1-1-gd02db6906a (webtiles) character file.

Game seed: 13078586222571174249

110 Powertoast the Ducker (level 4, -4/35 HPs)
             Began as a Merfolk Gladiator on Sept 18, 2022.
             Slain by an orc
             ... wielding a +0 whip
              (5 damage)
             ... on level 3 of the Dungeon on Sept 19, 2022.
             The game lasted 00:05:24 (2348 turns).

Powertoast the Ducker (Merfolk Gladiator)           Turns: 2348, Time: 00:05:24

Health: -4/35      AC:  7    Str: 14    XL:     4   Next: 91%
Magic:  4/4        EV: 14    Int: 13    God:
Gold:   77         SH:  0    Dex: 17    Spells: 3/3 levels left

rFire   + . .      SeeInvis .   a - +0 long sword
rCold   . . .      Faith    .   (no shield)
rNeg    . . .      Spirit   .   p - +1 robe {rF+}
rPois   .          Reflect  .   c - +0 helmet
rElec   .          Harm     .   (no cloak)
rCorr   .          Rampage  .   j - +2 pair of gloves
Will    .....                   (no boots)
Stlth   ++........              (no amulet)
HPRegen 0.11/turn               g - +6 ring of intelligence
MPRegen 0.09/turn               (no ring)

@: no status effects
A: (nimble swimmer 2), mertail
a: no special abilities


You were on level 3 of the Dungeon.
You visited 1 branch of the dungeon, and saw 3 of its levels.

You collected 77 gold pieces.

Inventory:

Hand Weapons
 a - a +0 long sword (weapon)
Missiles
 d - 4 throwing nets
 e - a javelin
 x - 6 poisoned darts (quivered)
Armour
 b - a +0 leather armour
 c - a +0 helmet (worn)
 j - a +2 pair of gloves (worn)
 p - a +1 robe of fire resistance (worn)
Jewellery
 g - a +6 ring of intelligence (left hand)
 v - a ring of fire
Scrolls
 f - a scroll of noise {unknown}
 h - a scroll of amnesia {unknown}
 i - 3 scrolls of vulnerability {unknown}
 k - a scroll of fear {unknown}
 n - 4 scrolls of identify {unknown}
 q - a scroll of blinking {unknown}
 r - a scroll of brand weapon {unknown}
 s - a scroll of immolation {unknown}
 t - a scroll of teleportation {unknown}
 u - a scroll of torment {unknown}
Potions
 l - 2 potions of flight {unknown}
 m - a potion of lignification {unknown}
 o - a potion of curing {unknown}
 w - a potion of brilliance {unknown}


   Skills:
 + Level 3.3 Fighting
 + Level 4.4 Long Blades
 + Level 2.9 Throwing
 + Level 5.0 Dodging


You had 3 spell levels left.
You didn't know any spells.
Your spell library contained the following spells:

 Spells                   Type           Power      Damage    Failure   Level
 Sublimation of Blood     Necr           0%         N/A       43%         2
 Petrify                  Tmut/Erth      0%         N/A       97%         4
 Irradiate                Conj/Tmut      0%         3d11      100%        5
 Iskenderun's Battlesphe  Conj           0%         2d6       100%        5
 Iron Shot                Conj/Erth      0%         9d1       100%        6
 Spellforged Servitor     Conj/Summ      0%         N/A       100%        7


Dungeon Overview and Level Annotations

Branches:
Dungeon (3/15)

Altars:

Annotations:
D:1 2 transporters


Innate Abilities, Weirdness & Mutations

((You are very nimble when in or above water. (Stealth+, EV+, Speed+++)))
Your lower body shifts to a powerful aquatic tail in water.


Message History

The ball python constricts you.
You slash the ball python!
You kill the ball python!
You see here 6 poisoned darts.
x - 6 poisoned darts HP restored.
An orc and an orc priest come into view.
The orc misses you.
You slash the orc!
You kill the orc!
The orc priest shouts!
You hear a shout! x2
An orc priest comes into view. It is wielding a +0 hand axe.
An orc comes into view. It is wielding a +0 whip.
The orc priest mumbles some strange prayers to Beogh against you.
Pain shoots through your body! The orc priest completely misses you.
Things that are here:
a +0 hand axe; a +0 leather armour You barely miss the orc priest.
The orc priest invokes the aid of Beogh against you.
Beogh smites you!
You barely miss the orc priest.
The orc priest casts a cantrip, but nothing happens.
You slash the orc priest!
The orc priest is almost dead.
The orc priest hits you but does no damage.
The orc priest barely misses you.
You hit the orc priest.
You kill the orc priest!
A goblin comes into view. It is wielding a +0 club.
The orc closely misses you. The orc priest closely misses you.
The orc priest begins to cast a cantrip, but forgets the words!
The orc hits you with a +0 whip.
* * * LOW HITPOINT WARNING * * *
Your Dodging skill increases to level 5!
You closely miss the orc priest.
The orc priest mumbles some strange prayers to Beogh against you.
Pain shoots through your body!
* * * LOW HITPOINT WARNING * * *
The orc hits you with a +0 whip.
You die...

# #.# ###.####### ##
..# #.......... ..#
..# ............#.#
..# #.#.#######.#.#
..# ..#.# #.#.# ..#
###.# #.#.# ..#
#.#######.#.###o.###
#....<........@o...#
#.#######..g##)###.#
###.# #......# ..#.#
#..###.#
#...#######..###...
..#............#####
.########.......#
†########.##....###
..........#.......#.


You could see an orc priest, an orc and a goblin (wandering).

Vanquished Creatures
  An orc priest (D:3)
  3 adders (D:2)
  2 worms (D:2)
  An orc (D:3)
  4 bats
  5 endoplasms
  4 giant cockroaches
  3 hobgoblins (D:2)
  3 quokkas
  4 ball pythons
  3 frilled lizards (D:1)
  4 goblins
  8 kobolds
  2 rats
47 creatures vanquished.

Notes
Turn   | Place    | Note
-------+----------+-------------------------------------------
     0 | D:1      | Powertoast the Merfolk Gladiator began the quest for the
                  | Orb.
     0 | D:1      | Reached XP level 1. HP: 16/16 MP: 1/1
   344 | D:1      | Found a faded altar of an unknown god.
   415 | D:1      | Reached XP level 2. HP: 22/23 MP: 2/2
   967 | D:2      | Reached XP level 3. HP: 28/28 MP: 3/3
  1423 | D:2      | Reached XP level 4. HP: 27/35 MP: 4/4
  2289 | D:3      | Identified the +1 ring mail "Meimays" {Contam rElec Str-4
                  | Int+8}
  2348 | D:3      | Reached skill level 5 in Dodging
  2348 | D:3      | HP: 1/35 [orc priest/nerve-wracking pain (6)]
  2348 | D:3      | Slain by an orc

Illustrated notes

Levels and vault maps discovered:
D:1:      spicycebolla_arrival_transporter_tutorial, layout_loops_ring,
          dreamdust_ecumenical_altar_grove, hex_large
D:2:      layout_basic, serial_bayou_ford_a
D:3:      layout_loops_ring, kennysheep_pointless_box, uniq_terence

Skill      XL: |  1  2  3  4 |
---------------+-------------+-----
Long Blades    | 4 |  4.4
Fighting       | 3 |  3.3
Dodging        | 5 |  5.0
Throwing       | |  2.9

Action                   |  1- 3 |  4- 6 || total
-------------------------+-------+-------++-------
Melee: Long sword        |    97 |    39 ||   136
       Tailslap          |     1 |       ||     1
       Punch             |     2 |       ||     2
 Stab: Sleeping          |     3 |     3 ||     6
Armor: Leather armour    |    20 |       ||    20
       Robe              |    13 |     8 ||    21
Dodge: Dodged            |    62 |    32 ||    94
